Map: Pillars of Gold LE

Players

ski

  • Race: Protoss Protoss
  • League: Platinum
  • Spawn Location: 7:00

prospeKt - Winner!

  • Race: Zerg Zerg
  • League: Platinum
  • Spawn Location: 1:00

VOD

Have the link to the VOD?

Description

Time

  • Played on: June 12, 2020, 12:07 p.m.
  • Length: 13:04
Show
View Real Time Build Order
Export as new Build Order

ski Protoss 

Build Orders: 1 Gate Expand 

Get SALT Encoding   

  12  0:01  Probe  
  13  0:14  Probe  
  13  0:16  Pylon  
  14  0:23  Probe  
  15  0:34  Probe  
  16  0:46  Probe  
  16  0:47  Gateway  
  17  0:55  Pylon  
  17  1:02  Probe  
  18  1:07  Assimilator  
  18  1:14  Probe  
  19  1:26  Probe  
  20  1:35  Nexus  
  20  1:41  Cybernetics Core  
  20  1:43  Probe  
  21  1:50  Assimilator  
  21  1:56  Probe  
  21  2:00  Pylon  
  22  2:08  Probe, Adept  
  23  2:19  Warp Gate  
  23  2:20  Probe  
  26  2:32  Probe  
  26  2:34  Twilight Council  
  27  2:40  Stalker  
  27  2:44  Probe  
  27  2:47  Probe  
  31  2:58  Robotics Facility  
  31  3:00  Probe  
  32  3:07  Resonating Glaives  
  31  3:18  Gateway  
  31  3:21  Probe  
  31  3:22  Probe  
  33  3:29  Gateway  
  33  3:33  Probe  
  34  3:40  Probe  
  35  3:51  Probe  
  36  3:56  Warp Prism  
  36  4:03  Probe  
  36  4:04  Probe  
  40  4:10  Adept  
  40  4:13  Adept  
  40  4:16  Probe x2  
  46  4:18  Gateway  
  46  4:23  Pylon  
  46  4:41  Probe, Adept  
  46  4:42  Adept  
  51  4:53  Assimilator  
  51  4:54  Probe x2  
  51  4:57  Assimilator  
  53  5:00  Dark Shrine  
  53  5:06  Probe  
  54  5:17  Pylon  
  54  5:19  Pylon  
  54  5:21  Pylon  
  54  5:35  Probe x2  
  56  5:38  Adept x3  
  56  5:39  Adept  
  64  5:47  Probe x2  
  60  5:59  Probe x2  
  58  6:11  Probe x2  
  58  6:17  Dark Templar  
  58  6:18  Dark Templar x3  
  66  6:24  Immortal  
  68  6:27  Nexus  
  60  6:45  Probe x2  
  62  7:02  Dark Templar x4  
  62  7:03  Immortal  
  66  7:25  Probe x2  
  66  7:37  Shield Battery  
  66  7:42  Immortal  
  66  7:43  Probe x3  
  73  7:50  Templar Archives  
  73  7:53  Gateway  
  73  7:55  Gateway  
  73  7:56  Probe, Gateway  
  73  7:57  Probe x2  
  76  8:00  Gateway  
  76  8:03  Forge  
  76  8:06  Adept x2  
  76  8:07  Adept  
  76  8:09  Forge, Adept  
  82  8:24  Probe x2  
  84  8:29  Probe  
  85  8:34  Pylon  
  85  8:36  Probe x2  
  85  8:37  Pylon, Protoss Ground Weapons Level 1  
  85  8:39  High Templar x3  
  85  8:41  Assimilator  
  93  8:45  Assimilator  
  93  8:46  Protoss Ground Armor Level 1  
  93  8:48  Psionic Storm  
  93  8:49  Charge  
  93  8:52  Pylon  
  93  8:54  Pylon  
  93  8:56  Pylon  
  93  8:58  Pylon  
  93  9:00  Zealot x5  
  103  9:04  Probe x3  
  106  9:18  High Templar x2  
  106  9:22  Archon  
  106  9:23  Probe x3  
  113  9:32  Pylon  
  113  9:34  High Templar, Pylon  
  113  9:35  High Templar, Probe  
  118  9:38  Archon  
  118  9:42  Zealot x2  
  118  9:43  Zealot x2  
  126  9:46  Probe x2  
  126  9:47  Probe  
  129  10:02  Nexus  
  129  10:04  Pylon  
  129  10:06  Pylon  
  129  10:08  Assimilator, Adept x2  
  129  10:12  Assimilator  
  133  10:17  Probe x2  
  125  10:28  High Templar x2  
  125  10:29  High Templar x2  
  125  10:31  High Templar  
  125  10:33  High Templar  
  137  10:37  Archon x2  
  137  10:41  Zealot x2  
  141  10:43  Archon  
  141  10:44  Probe x3  
  144  10:56  Photon Cannon  
  144  10:58  Photon Cannon  
  144  10:59  Photon Cannon  
  144  11:01  Shield Battery  
  144  11:03  Shield Battery  
  144  11:08  Photon Cannon  
  144  11:09  Photon Cannon  
  144  11:10  Photon Cannon  
  144  11:11  Photon Cannon  
  144  11:13  Shield Battery  
  144  11:15  Shield Battery  
  144  11:16  High Templar x2  
  144  11:18  Zealot x3  
  152  11:19  Zealot  
  152  11:22  Archon  
  156  11:28  Observer  
  157  11:49  Warp Prism  
  159  12:00  High Templar  
  159  12:01  High Templar x4  
  167  12:02  High Templar  
  167  12:05  Archon x2  
  167  12:06  Archon  
  167  12:07  Zealot x2  
  175  12:29  Zealot x2  
  117  12:47  Zealot x3  
  117  12:48  Zealot x3  
Show
View Real Time Build Order
Export as new Build Order

prospeKt Zerg - Winner!

Build Orders: Hatch First, Roach Hydra 

Get SALT Encoding   

  12  0:00  Drone  
  13  0:12  Drone  
  14  0:17  Overlord  
  14  0:35  Drone x2  
  14  0:41  Drone  
  17  1:04  Drone x2  
  19  1:06  Hatchery  
  18  1:17  Spawning Pool  
  17  1:20  Drone  
  18  1:27  Drone  
  18  1:31  Drone  
  18  1:32  Extractor  
  19  1:42  Drone  
  20  1:54  Drone  
  21  2:01  Overlord  
  21  2:12  Drone  
  22  2:17  Queen  
  22  2:22  Overlord  
  24  2:26  Drone  
  24  2:27  Queen  
  27  2:30  Drone  
  27  2:34  Drone  
  29  2:45  Zergling x4  
  31  2:52  Drone  
  32  2:58  Drone  
  32  3:01  Lair  
  32  3:02  Drone, Queen  
  36  3:09  Drone  
  37  3:16  Drone  
  38  3:23  Drone x2  
  40  3:28  Roach Warren, Drone x3  
  40  3:32  Overlord  
  42  3:41  Drone x2  
  44  3:50  Overlord  
  44  4:05  Drone x3  
  44  4:06  Hatchery, Drone x2  
  48  4:15  Glial Reconstitution  
  48  4:16  Extractor  
  47  4:17  Roach  
  47  4:18  Roach  
  47  4:19  Extractor  
  47  4:21  Overseer  
  50  4:39  Roach x4  
  50  4:43  Drone x2  
  50  4:44  Overlord  
  62  5:07  Roach x4  
  68  5:22  Spore Crawler  
  68  5:25  Spine Crawler, Spore Crawler  
  68  5:26  Spine Crawler  
  64  5:30  Drone x6  
  70  5:35  Overseer  
  70  5:37  Drone  
  70  5:41  Drone x3  
  65  5:59  Drone x7  
  66  6:06  Drone x2  
  67  6:17  Extractor  
  66  6:20  Hydralisk Den  
  61  6:45  Drone  
  61  6:46  Overlord, Drone x12  
  61  6:47  Overlord  
  74  6:54  Grooved Spines  
  74  7:02  Overlord x4  
  74  7:03  Evolution Chamber  
  74  7:04  Evolution Chamber  
  70  7:26  Hatchery  
  69  7:38  Hydralisk x2  
  69  7:39  Hydralisk  
  69  7:40  Extractor x2  
  73  7:51  Zerg Missile Weapons Level 1  
  73  7:57  Drone x5  
  78  8:05  Spine Crawler, Spore Crawler  
  77  8:06  Muscular Augments  
  77  8:12  Hydralisk  
  78  8:28  Drone x3  
  81  8:39  Hatchery  
  80  8:49  Drone x9  
  80  8:50  Drone  
  90  8:56  Hydralisk x2  
  90  9:02  Zerg Ground Armor Level 1  
  94  9:03  Hydralisk  
  96  9:22  Hydralisk x5  
  96  9:23  Hydralisk x2  
  110  9:26  Drone x2  
  110  9:30  Overlord  
  112  9:33  Overseer  
  112  9:59  Drone x16  
  128  10:07  Drone  
  129  10:35  Hydralisk x3  
  129  10:36  Hydralisk, Extractor  
  129  10:37  Overlord  
  129  10:38  Overlord x5  
  129  10:41  Extractor  
  129  10:42  Zerg Missile Weapons Level 2  
  135  10:50  Infestation Pit  
  135  10:55  Lurker Den, Drone x3  
  135  10:56  Drone x2  
  138  11:03  Hydralisk x10  
  158  11:17  Overseer  
  158  11:21  Overseer  
  158  11:23  Hydralisk x6  
  158  11:24  Hydralisk x2  
  174  11:26  Overlord x2  
  174  11:44  Hydralisk  
  174  11:45  Hydralisk x7  
  190  11:50  Hive  
  190  12:06  Hatchery  
  190  12:07  Drone x4  
  190  12:08  Drone x3  
  195  12:09  Drone x2  
  195  12:12  Hydralisk  
Tags
 
Add a new tag
Caveats
  • Supply blocks, unpowered buildings, or Contaminate may cause inaccurate times.
  • Supply counts are checked every 10 seconds.